 Dungeon Crawl Stone Soup version 0.30-a0-702-gdf48620a09 (webtiles) character file.

Game seed: 9472948718797650077

2724 CrazyBamboolord the Martial Artist (level 9, 0/58 HPs)
             Began as an Octopode Transmuter on Jan 21, 2023.
             Was an Initiate of Nemelex Xobeh.
             Slain by Joseph
             ... wielding a +0 quarterstaff
              (13 damage)
             ... on level 7 of the Dungeon.
             The game lasted 00:20:33 (6549 turns).

CrazyBamboolord the Martial Artist (OpTm)           Turns: 6549, Time: 00:20:33

Health: 0/58       AC: 10    Str:  8    XL:     9   Next: 67%
Magic:  26/26      EV: 24    Int: 17    God:    Nemelex Xobeh [......]
Gold:   327        SH:  0    Dex: 25    Spells: 9/18 levels left

rFire   x x .      SeeInvis .      - Unarmed
rCold   x x .      Faith    .    (shield currently unavailable)
rNeg    . . .      Spirit   .    (helmet currently unavailable)
rPois   .          Reflect  .    o - amulet of Elemental Vulnerability {rPois rF-- rC-- AC+8}
rElec   .          Harm     .    h - ring of magical power
rCorr   .          Rampage  .    i - ring of wizardry
Will    .....                    q - +6 ring of dexterity
Stlth   +++                      (no ring)
HPRegen 0.29/turn                (no ring)
MPRegen 0.20/turn                (no ring)
                                 (no ring)
                                 (no ring)

@: spider-form
A: venomous fangs, almost no armour, (amphibious), 8 rings, tiny, (camouflage
1), (gelatinous body 1), (nimble swimmer 1), (tentacles), (large bone plates 1),
weak 1
a: End Transformation, Renounce Religion, Draw Escape, Draw Destruction, Draw
Summoning


You were on level 7 of the Dungeon.
You worshipped Nemelex Xobeh.
Nemelex Xobeh was noncommittal.
You were a venomous arachnid creature.
You visited 2 branches of the dungeon, and saw 8 of its levels.

You collected 327 gold pieces.

Inventory:

Armour
 d - an orb of guile
 v - an orb of light (melded)
Jewellery
 b - an amulet of magic regeneration
 h - a ring of magical power (left front pincers)
 i - a ring of wizardry (right front pincers)
 o - the amulet of Elemental Vulnerability (around neck) {rPois rF-- rC-- AC+8}
   (You found it on level 2 of the Dungeon)

   [amulet of nothing]

   AC:        It affects your AC (+8).
   rF:        It makes you very vulnerable to fire.
   rC:        It makes you very vulnerable to cold.
   rPois:     It protects you from poison.
 q - a +6 ring of dexterity (on tentacle)
Wands
 k - a wand of quicksilver (15)
 s - a wand of flame (17)
Scrolls
 e - a scroll of fog
 j - a scroll of magic mapping {unknown}
 p - a scroll of amnesia
 r - 3 scrolls of immolation
 t - a scroll of noise
 u - a scroll of enchant weapon {unknown}
Potions
 a - 2 potions of lignification
 c - 5 potions of degeneration
 f - 3 potions of might
 g - a potion of mutation
 l - 3 potions of brilliance
 n - a potion of flight


   Skills:
 * Level 4.2 Fighting
 * Level 4.7 Dodging
 + Level 3.6 Stealth
 * Level 8.0 Unarmed Combat
 * Level 5.3 Spellcasting
 * Level 4.9 Transmutations
 * Level 4.5 Poison Magic


You had 9 spell levels left.
You knew the following spells:

 Your Spells              Type           Power      Damage    Failure   Level
a - Beastly Appendage     Tmut           42%        N/A       3%          1
b - Wereblood             Tmut           21%        N/A       4%          2
c - Spider Form           Tmut/Pois      20%        N/A       7%          3
d - Ignite Poison         Fire/Tmut/Pois 15%        N/A       11%         3

Your spell library contained the following spells:

 Spells                   Type           Power      Damage    Failure   Level
 Magic Dart               Conj           16%        1d3       13%         1
 Necrotise                Necr           16%        1d4       13%         1
 Blink                    Tloc           8%         N/A       17%         2
 Ensorcelled Hibernation  Hex/Ice        8%         N/A       17%         2
 Lesser Beckoning         Tloc           8%         N/A       17%         2
 Momentum Strike          Conj/Tloc      8%         3d8       17%         2
 Searing Ray              Conj           8%         2d4       17%         2
 Gell's Gravitas          Tloc           4%         N/A       30%         3
 Kindle Blastsparks       Fire/Tloc/Air  8%         2d10      30%         3
 Ozocubu's Armour         Ice            4%         N/A       30%         3
 Teleport Other           Tloc           4%         N/A       30%         3
 Vampiric Draining        Necr           4%         2d6       30%         3
 Ice Form                 Ice/Tmut       12%        N/A       34%         4
 Anguish                  Hex/Necr       2%         N/A       63%         4
 Fulminant Prism          Conj/Hex       2%         3d5       63%         4
 Agony                    Necr           4%         N/A       89%         5
 Freezing Cloud           Conj/Ice/Air   2%         6-21      89%         5
 Metabolic Englaciation   Hex/Ice        2%         N/A       89%         5
 Simulacrum               Ice/Necr       2%         N/A       100%        6


Dungeon Overview and Level Annotations

Branches:
Dungeon (7/15)             Temple (1/1) D:4

Altars:
Ashenzari
Cheibriados
Dithmenos
Elyvilon
Fedhas
Gozag
Hepliaklqana
Kikubaaqudgha
Makhleb
Nemelex Xobeh
Okawaru
Qazlal
Ru
Sif Muna
Trog
Vehumet
Wu Jian
Xom
Yredelemnul
Zin
The Shining One

Shops:
D:3 :[

Annotations:
D:3 2 transporters, Stonecrops's ghost, weakling DsGl
D:7 Joseph


Innate Abilities, Weirdness & Mutations

You are a venomous arachnid creature.
You have venomous fangs.
You are tiny and dextrous.
Your spellcasting is less reliable in this form.
Your armour is entirely melded.
You are incapable of wielding weapons or throwing items.
You cannot wear most types of armour.
((You are amphibious.))
You can wear up to eight rings at the same time.
((Your skin changes colour to match your surroundings (Stealth+).))
((Your rubbery body absorbs attacks. (AC +1, EV +1)))
((You are camouflaged when in or above water. (Stealth+)))
((You have tentacles for arms and can constrict up to eight enemies at once.))
((You are partially covered in large bone plates. (SH +4)))
You are weak. (Str -2)


Message History

Your transformation has ended.
You start putting on your armour.
You continue putting on your orb of light. x4
You finish putting on your orb of light.
Joseph is nearby!
Joseph shouts!
Joseph shoots a sling bullet.
The sling bullet hits you!
Joseph shoots a sling bullet.
The sling bullet misses you.
Casting: Spider Form (dangerous; 2% risk of failure)
Confirm with . or Enter, or press ? or * to list all spells.
You turn into a venomous arachnid creature.
Your orb of light melds into your body.
Joseph shoots a sling bullet.
The sling bullet misses you.
Joseph shoots a sling bullet.
The sling bullet completely misses you.
Things that are here:
a +4 halberd; a +0 robe Joseph shoots a sling bullet.
The sling bullet hits you!!
Joseph shoots a sling bullet.
The sling bullet hits you but does no damage.
Joseph unwields a +0 sling.
Joseph wields a +0 quarterstaff.
Joseph completely misses you.
You hit Joseph.
Joseph is poisoned.
Joseph is lightly wounded.
You hit Joseph.
Joseph looks as sick as possible!
Joseph is lightly wounded.
Joseph completely misses you.
You hit Joseph.
Joseph looks as sick as possible!
Joseph is moderately wounded.
Joseph drinks a potion.
Joseph is healed!
Joseph looks more healthy.
You hit Joseph.
Joseph is lightly wounded.
Joseph hits you with a +0 quarterstaff.
You hit Joseph but do no damage.
Joseph is lightly wounded.
Joseph hits you with a +0 quarterstaff!
* * * LOW HITPOINT WARNING * * *
It was a potion of magic.
Magic courses through your body. Joseph hits you with a +0 quarterstaff!
You die...
Your body disappears without a glow.

# #.........#.# #.....##
# #...........###.#.....
#.........#...#....##
#.........#..>......#
#...............#(..##..
#............##.)......#
###.#####...#))##......
#### ####.......####...#
...#
........@s...#....##
...# ##..####....#)...#
...# ... # #........###
...##.#..# #...#......##
....<...#
#...##......###
...##..e.....#!#
#).#....... ...#
.######.#. #....#.####
.... .# #.....).##....#
.....## ###....#####....


You could see Joseph.

Vanquished Creatures
  Prince Ribbit (D:7)
  Sigmund (D:4)
  Menkaure (D:5)
  A water moccasin (D:4)
  Duvessa (D:7)
  2 orc warriors
  4 black bears
  An ogre (D:5)
  A centaur (D:5)
  A phantom (D:5)
  A kobold brigand (D:6)
  A bullfrog (D:6)
  A necrophage (D:7)
  2 scorpions
  Dowan (D:7)
  4 wights (D:7)
  2 howler monkeys
  3 jellies
  2 hounds
  Crazy Yiuf (D:5)
  An orc priest (D:5)
  3 iguanas
  5 orc wizards
  4 gnolls
  5 adders
  3 ufetubi
  A worm (D:2)
  4 dart slugs
  16 orcs
  10 bats
  5 endoplasms
  4 giant cockroaches
  6 goblins
  8 hobgoblins
  3 jackals
  5 quokkas
  3 ball pythons
  3 frilled lizards
  9 kobolds
  7 rats
137 creatures vanquished.

Vanquished Creatures (others)
  2 orcs (D:5)
2 creatures vanquished.

Grand Total: 139 creatures vanquished

Notes
Turn   | Place    | Note
-------+----------+-------------------------------------------
     0 | D:1      | CrazyBamboolord the Octopode Transmuter began the quest for
                  | the Orb.
     0 | D:1      | Reached XP level 1. HP: 13/13 MP: 3/3
   146 | D:1      | Reached XP level 2. HP: 13/18 MP: 3/5
   570 | D:1      | Reached XP level 3. HP: 23/23 MP: 4/6
   611 | D:1      | Learned a level 2 spell: Wereblood
   615 | D:1      | Learned a level 3 spell: Spider Form
   644 | D:1      | Found a faded altar of an unknown god.
  1010 | D:3      | Found a transporter.
  1019 | D:3      | Noticed Stonecrops's ghost (weakling DsGl)
  1064 | D:3      | Found Saerynamm's Antique Armour Emporium.
  1270 | D:3      | Reached skill level 1 in Stealth
  1418 | D:2      | Reached XP level 4. HP: 28/28 MP: 7/7
  1458 | D:2      | Reached skill level 1 in Poison Magic
  1815 | D:2      | Found the amulet of Elemental Vulnerability {rPois rF--
                  | rC-- AC+8}
  1823 | D:2      | Found an ancient bone altar of Kikubaaqudgha.
  2181 | D:3      | Found Ruppyeca's Vocational Training.
  2349 | D:3      | Found a transporter.
  2646 | D:4      | Noticed Sigmund
  2939 | D:4      | Killed Sigmund
  2940 | D:4      | Reached skill level 4 in Unarmed Combat
  2940 | D:4      | Reached XP level 5. HP: 34/34 MP: 9/9
  2940 | D:4      | Reached XP level 6. HP: 39/39 MP: 10/10
  2996 | D:4      | Found a staircase to the Ecumenical Temple.
  3042 | D:4      | Noticed a water moccasin
  3050 | D:4      | Learned a level 3 spell: Ignite Poison
  3079 | D:4      | Killed a water moccasin
  3420 | D:5      | Entered Level 5 of the Dungeon
  3479 | D:5      | Reached XP level 7. HP: 22/45 MP: 12/12
  3687 | D:5      | Gained mutation: You are partially covered in large bone
                  | plates. (SH +4) [potion of mutation]
  3687 | D:5      | Gained mutation: You are weak. (Str -2) [potion of
                  | mutation]
  3700 | D:5      | Reached skill level 5 in Unarmed Combat
  3854 | D:5      | Reached XP level 8. HP: 43/51 MP: 14/14
  4188 | D:5      | Noticed Menkaure
  4204 | D:5      | Killed Menkaure
  4205 | D:5      | Reached skill level 6 in Unarmed Combat
  4512 | D:5      | Found a runed translucent door.
  4513 | D:5      | Noticed Crazy Yiuf
  4646 | D:5      | Killed Crazy Yiuf
  5385 | D:6      | Reached XP level 9. HP: 57/57 MP: 16/16
  5539 | D:6      | Reached skill level 5 in Spellcasting
  5731 | Temple   | Entered the Ecumenical Temple
  6095 | Temple   | Became a worshipper of Nemelex Xobeh the Trickster
  6212 | D:7      | Noticed Joseph
  6269 | D:7      | Noticed Duvessa
  6291 | D:6      | Reached skill level 7 in Unarmed Combat
  6457 | D:7      | Noticed Prince Ribbit
  6475 | D:7      | Killed Prince Ribbit
  6502 | D:7      | Killed Duvessa
  6503 | D:7      | Reached skill level 8 in Unarmed Combat
  6503 | D:7      | Noticed Dowan
  6509 | D:7      | Killed Dowan
  6549 | D:7      | Slain by Joseph

Illustrated notes

Levels and vault maps discovered:
D:1:      lemuel_arrival_tunnels, layout_basic,
          dilly_ecumenical_altar_fadedgnrine, minmay_close_crescents
D:2:      minmay_recursive_quarters, layout_loops_cross, basic_altar
D:3:      cheibrodos_helix_gallery, layout_basic, serial_shops,
          nicolae_shop_stone, gammafunk_ghost_stat_death,
          nicolae_shop_vocational
D:4:      layout_cave_pools, temple_statues, uniq_sigmund
D:5:      layout_basic, guppyfry_early_orc_mine, uniq_menkaure,
          uniq_crazy_yiuf_cottage
D:6:      layout_loops_ring, minmay_misc_feat_nine_boxes
D:7:      layout_rooms, nicolae_overflow_two_pavilions, uniq_prince_ribbit1,
          uniq_joseph, uniq_duvessa
Temple:   mainiacjoe_temple_cubbyholes

Skill      XL: |  1  2  3  4  5  6  7  8  9 |
---------------+----------------------------+-----
Stealth        | 1 2 3 |  3.6
Poison Magic   | 1 2 4 |  4.5
Fighting       | 2 3 4 |  4.2
Unarmed Combat | 4 5 6 8 |  8.0
Spellcasting   | 3 4 5 |  5.3
Transmutations | 3 4 |  4.9
Dodging        | 3 4 |  4.7

Action                   |  1- 3 |  4- 6 |  7- 9 || total
-------------------------+-------+-------+-------++-------
Melee: Unarmed           |    68 |    80 |   299 ||   447
       Constrict         |    12 |    21 |     8 ||    41
       Kick              |    21 |    23 |    10 ||    54
       Tentacles         |     5 |    16 |     5 ||    26
       Punch             |       |     3 |       ||     3
 Cast: Beastly Appendage |    22 |    22 |     8 ||    52
       Wereblood         |       |     3 |     2 ||     5
       Spider Form       |       |     3 |    27 ||    30
       Ignite Poison     |       |     1 |     2 ||     3
  Use: Scroll            |       |     9 |     3 ||    12
       Potion            |       |     2 |     8 ||    10
 Stab: Sleeping          |    12 |     3 |     2 ||    17
       Invisible         |       |     2 |     1 ||     3
       Distracted        |       |       |     1 ||     1
Armor: Skin              |     7 |    12 |    79 ||    98
Dodge: Dodged            |    41 |    48 |   332 ||   421
Block: Other             |       |       |     7 ||     7

Table legend: (Time is in decaauts)
 A = Elapsed time spent in this place.
 B = Non-inter-level travel time spent in this place.
 C = Inter-level travel time spent in this place.
 D = Time resting spent in this place.
 E = Time spent auto-exploring this place.
 F = Levels seen in this place.
 G = Mean time per level.
                   A        B        C        D        E       F      G
               +--------+--------+--------+--------+--------+-----+--------+
         Total |   6519 |   5829 |    690 |    657 |   3823 |   8 |  814.9 |
       Dungeon |   6107 |   5494 |    613 |    657 |   3534 |   7 |  872.4 |
        Temple |    412 |    336 |     76 |      0 |    289 |   1 |  412.0 |
               +--------+--------+--------+--------+--------+-----+--------+

Top non-repeatable levels by time:
     D:5: 1568 daAuts
     D:3: 1163 daAuts
     D:1: 920 daAuts
     D:6: 871 daAuts
     D:2: 787 daAuts
     D:4: 572 daAuts
  Temple: 412 daAuts
     D:7: 224 daAuts
